 Dungeon Crawl Stone Soup version 0.18.1-6-gd335043 (webtiles) character file.

60755 Aphrodieselac the Brawler (level 14, -4/148 HPs)
             Began as a Troll Monk on May 15, 2016.
             Was the Champion of Qazlal.
             Slain by a spiny frog (20 damage)
             ... on level 7 of the Lair of Beasts.
             The game lasted 00:51:59 (17552 turns).

Aphrodieselac the Brawler (Troll Monk)             Turns: 17552, Time: 00:51:59

Health: -4/148     AC:  8    Str: 24    XL:     14   Next: 58%
Magic:  22/22      EV: 11    Int:  6    God:    Qazlal [******]
Gold:   1172       SH:  8    Dex: 16    Spells: 0 memorised, 13 levels left

rFire  . . .     SeeInvis +       - Unarmed
rCold  + + .     Gourm    +     o - +2 robe {rC+}
rNeg   . . .     Faith    .     (no shield)
rPois  +         Spirit   .     (helmet restricted)
rElec  .         Dismiss  .     (no cloak)
rCorr  .         Reflect  .     (gloves unavailable)
SustAt .         Harm     .     (boots unavailable)
MR     +....                    (no amulet)
Stlth  +.........               u - ring of see invisible
                                g - ring of protection from cold

@: repel missiles, somewhat resistant to hostile enchantments, very unstealthy
A: unfitting armour, claws 3, molten scales 1, fast metabolism 3, gourmand,
poison resistance, regeneration 2, shaggy fur 1, strong 1, tough skin 2
a: Upheaval, Elemental Force, Disaster Area, Renounce Religion


You were on level 7 of the Lair of Beasts.
You worshipped Qazlal.
Qazlal was exalted by your worship.
You were not hungry.

You visited 2 branches of the dungeon, and saw 18 of its levels.

You collected 1172 gold pieces.

Inventory:

Missiles
 P - 2 throwing nets (quivered)
Armour
 o - a +2 robe of cold resistance (worn)
Jewellery
 a - an uncursed ring of resist corrosion
 g - a ring of protection from cold (left claw)
 k - an uncursed ring of flight
 u - a ring of see invisible (right claw)
 y - an uncursed ring of stealth
 F - an uncursed amulet of harm
 J - an uncursed ring of protection from fire
 Z - an uncursed ring of fire
Wands
 p - a wand of confusion (28/48)
 s - a wand of random effects (24/48)
 t - a wand of confusion (1/48)
 D - a wand of lightning (8/15)
 H - a wand of disintegration (18/24)
 K - a wand of flame (20/48)
 R - a wand of slowing (21/48)
 S - a wand of flame (13/48)
 X - a wand of slowing (37/48)
 Y - a wand of paralysis (14/24)
Scrolls
 f - 7 scrolls of remove curse
 h - 2 scrolls of identify
 m - 4 scrolls of enchant armour
 n - 14 scrolls of teleportation
 r - 2 scrolls of fog
 C - 3 scrolls of blinking
 T - a scroll of recharging
Potions
 c - 4 potions of brilliance
 d - a potion of cancellation
 e - 2 potions of invisibility {unknown}
 j - 2 potions of might
 l - 3 potions of degeneration {unknown}
 v - 3 potions of curing
 x - 2 potions of mutation {unknown}
 z - 2 potions of berserk rage {unknown}
 A - a potion of haste
 B - 2 potions of cure mutation
 E - 2 potions of magic {unknown}
 G - a potion of ambrosia
 N - 3 potions of flight
 V - a potion of agility
 W - a potion of heal wounds {unknown}
Books
 w - a book of Spatial Translocations

   Spells                             Type                      Level
   a - Apportation                    Translocation                1
   b - Blink                          Translocation                2
   c - Shroud of Golubria             Charms/Translocation         2
   d - Portal Projectile              Translocation                3
   e - Teleport Other                 Translocation                3
   f - Passage of Golubria            Translocation                4
 L - a Fen Folio

   Spells                             Type                      Level
   a - Corpse Rot                     Necromancy                   2
   b - Stone Arrow                    Conjuration/Earth            3
   c - Leda's Liquefaction            Hexes/Earth                  4
   d - Summon Forest                  Summoning/Translocation      5
   e - Hydra Form                     Transmutation                6
   f - Summon Hydra                   Summoning                    7
 Q - a book of the Dragon

   Spells                             Type                      Level
   a - Flame Tongue                   Conjuration/Fire             1
   b - Cause Fear                     Hexes                        4
   c - Bolt of Fire                   Conjuration/Fire             6
   d - Dragon Form                    Transmutation                7
   e - Dragon's Call                  Summoning                    9
 U - a book of Unlife

   Spells                             Type                      Level
   a - Recall                         Summoning/Translocation      3
   b - Animate Dead                   Necromancy                   4
   c - Control Undead                 Necromancy                   4
   d - Cigotuvi's Embrace             Necromancy                   5
   e - Death Channel                  Necromancy                   6
   f - Simulacrum                     Ice/Necromancy               6
Comestibles
 b - 12 bread rations
 i - 9 meat rations
 q - 23 fruits
 I - a beef jerky
 O - 9 slices of pizza


   Skills:
 * Level 11.6 Fighting
 - Level 2.4 Dodging
 - Level 1.1 Stealth
 + Level 17.1 Unarmed Combat
 + Level 12.2 Invocations


You had 13 spell levels left.
You didn't know any spells.

Dungeon Overview and Level Annotations

Branches:
Dungeon (10/15)            Temple (0/1) D:5            Lair (8/8) D:10
  Swamp (0/4) Lair:4        Snake (0/4) Lair:4        Slime (0/6) Lair:7
    Orc: D:9-12

Altars:
Elyvilon
Fedhas
Gozag
Nemelex Xobeh
Okawaru
Pakellas
Qazlal
Trog
Vehumet
Xom
Yredelemnul
Zin
The Shining One

Shops:
D:9 ?


Innate Abilities, Weirdness & Mutations

You are too large for most types of armour.
You have claws for hands.
Your metabolism is lightning-fast.
You like to eat raw meat.
You heal very quickly.
You are covered in fur (AC +1).
You have very tough skin (AC +2).
You are partially covered in molten scales (AC +1).
Your system is resistant to poisons.
Your muscles are strong. (Str +2)


Message History

The spiny frog closely misses you.
You hear a croak.
The electric eel shoots out a bolt of lightning at you!
The bolt of electricity misses you.
You hear a loud, deep croak!
There is a stone staircase leading up, spattered with blood here.
The plant is engulfed in roaring flames.
The spiny frog stings you!
* * * LOW HITPOINT WARNING * * *
The spiny frog stings you!
* * * LOW HITPOINT WARNING * * *
You are poisoned.
The spiny frog poisons you!
You climb upwards.
You feel sick.
There is a stone staircase leading down, spattered with blood here.
Drink which item? (? for menu, Esc to quit)
Okay, then.
Drink which item? (? for menu, Esc to quit)
It was a potion of curing.
You feel better. The spiny frog stings you!!
You die...

##.......#.§........
#.......#####.......
##.......# ##......
##.......## #......
#PP....÷..# ##.....
#PP.P÷...## ##....
#PPP..§..# #.....
##PP.§§..## #.....
##.@F§...# ##.....
#.§.....## #......
##§.....# ###.....
#P.#..## #.#.#.§.
##.#..## ##§..#...
#..##..# #....#.#.
####..## #.#.####.
##...### ##.#.# ##
##......###....#


You could see a spiny frog.

Vanquished Creatures
  A naga warrior (Lair:4)
  Harold (Lair:2)
  A catoblepas (Lair:3)
  5 hydras
  An anaconda (Lair:4)
  Erolcha (D:9)
  5 death yaks
  The ghost of neil the Cudgeler, a novice MiAE of Okawaru (D:9)
  A fire crab (Lair:5)
  The ghost of shmeve the Covert, a novice NaBe of Trog (D:6)
  A hill giant (D:10)
  A griffon (Lair:8)
  11 black mambas
  21 elephants
  Joseph (D:8)
  A torpor snail (Lair:5)
  Psyche (D:8)
  26 spiny frogs
  A centaur skeleton (D:10)
  2 rime drakes
  12 komodo dragons
  A troll (D:10)
  A polar bear (Lair:4)
  14 blink frogs
  A boulder beetle (Lair:6)
  Sigmund (D:2)
  4 fire bats (Lair:2)
  37 yaks
  5 vampire mosquitoes
  A basilisk (Lair:5)
  10 hippogriffs
  2 hungry ghosts
  The ghost of babuloseo the Conjurer, an amateur DsWz of Vehumet (D:5)
  A mottled dragon (D:7)
  3 nagas (Lair:4)
  31 water moccasins
  2 hell hounds (D:10)
  6 porcupines
  An ice beast (D:5)
  3 orc warriors
  5 sky beasts
  2 phantoms
  A black bear (D:8)
  12 wolves
  7 ogres
  10 centaurs
  The ghost of tollymain the Grasshopper, an amateur HEWr (D:3)
  17 crocodiles
  3 big kobolds (D:9)
  22 giant frogs
  3 scorpions
  3 killer bees (D:8)
  4 wights (D:8)
  2 electric eels
  8 howler monkeys
  3 crimson imps
  A quasit (D:7)
  2 giant frog zombies
  A centaur zombie (D:5)
  6 orc priests
  3 hounds
  10 orc wizards
  A giant frog skeleton (D:4)
  11 iguanas
  3 hell rats
  4 worker ants
  22 sheep
  A hound skeleton (D:10)
  A worker ant zombie (D:7)
  10 gnolls
  12 adders
  61 river rats
  An adder skeleton (D:5)
  A worm (D:2)
  2 dart slugs
  3 giant geckos
  44 orcs
  3 giant cockroaches
  6 goblins
  5 hobgoblins (D:2)
  6 jackals
  6 kobolds
  4 quokkas
  A ball python (D:3)
  6 bats
  6 giant newts
  A quokka skeleton (D:8)
  4 rats
  A bush (Lair:7)
  57 fungi
  38 plants
668 creatures vanquished.

Vanquished Creatures (others)
  An orc (D:6)
  55 fungi
  40 plants
96 creatures vanquished.

Grand Total: 764 creatures vanquished

Notes
Turn   | Place    | Note
--------------------------------------------------------------
     0 | D:1      | Aphrodieselac the Troll Monk began the quest for the Orb.
     0 | D:1      | Reached XP level 1. HP: 22/22 MP: 0/0
     1 | D:1      | Noticed an electric eel
   689 | D:2      | Reached XP level 2. HP: 15/29 MP: 1/1
   817 | D:2      | Reached skill level 5 in Unarmed Combat
   837 | D:2      | Reached XP level 3. HP: 34/36 MP: 2/2
  1003 | D:2      | Found a shimmering altar of Xom.
  1019 | D:2      | Noticed Sigmund
  1033 | D:2      | Killed Sigmund
  1033 | D:2      | Reached skill level 7 in Unarmed Combat
  1033 | D:2      | Reached XP level 4. HP: 33/44 MP: 3/3
  1033 | D:2      | Reached XP level 5. HP: 38/50 MP: 4/4
  1320 | D:3      | Found a stormy altar of Qazlal.
  1351 | D:3      | Became a worshipper of Qazlal Stormbringer
  1351 | D:3      | Reached * piety under Qazlal
  1351 | D:3      | Reached ** piety under Qazlal
  1493 | D:3      | Noticed tollymain's ghost (amateur HEWr)
  1529 | D:3      | Killed tollymain's ghost
  1529 | D:3      | Reached skill level 1 in Invocations
  1529 | D:3      | Reached XP level 6. HP: 58/59 MP: 5/5
  1900 | D:4      | Reached skill level 8 in Unarmed Combat
  1900 | D:4      | Reached XP level 7. HP: 52/66 MP: 7/7
  2059 | D:4      | Reached *** piety under Qazlal
  2368 | D:5      | Entered Level 5 of the Dungeon
  2375 | D:5      | Noticed babuloseo's ghost (amateur DsWz)
  2379 | D:5      | Killed babuloseo's ghost
  2613 | D:5      | Reached skill level 9 in Unarmed Combat
  2618 | D:5      | Reached XP level 8. HP: 62/74 MP: 9/9
  3142 | D:5      | Found a staircase to the Ecumenical Temple.
  3382 | D:6      | Reached skill level 10 in Unarmed Combat
  3483 | D:6      | Noticed shmeve's ghost (novice NaBe)
  3494 | D:6      | Killed shmeve's ghost
  3494 | D:6      | Reached skill level 5 in Invocations
  3514 | D:6      | Reached XP level 9. HP: 80/80 MP: 11/11
  3521 | D:6      | Reached skill level 11 in Unarmed Combat
  3541 | D:6      | Reached **** piety under Qazlal
  3713 | D:6      | Found a basalt altar of Yredelemnul.
  3885 | D:6      | Found a blossoming altar of Fedhas.
  3935 | D:6      | Found an oddly glowing altar of Pakellas.
  4600 | D:7      | Reached skill level 12 in Unarmed Combat
  4863 | D:8      | Gained mutation: Armour fits poorly on your strangely shaped body. [mutagenic meat]
  4864 | D:8      | Gained mutation: You have a pair of small antennae on your head. [mutagenic meat]
  4865 | D:8      | Gained mutation: You are partially covered in molten scales (AC +1). [mutagenic meat]
  4980 | D:8      | Found an opulent altar of Gozag.
  5026 | D:8      | Reached ***** piety under Qazlal
  5028 | D:8      | Reached XP level 10. HP: 88/88 MP: 14/14
  5277 | D:8      | Found an iron altar of Okawaru.
  5277 | D:8      | Found a glowing golden altar of the Shining One.
  5278 | D:8      | Found a radiant altar of Vehumet.
  5278 | D:8      | Found a glowing silver altar of Zin.
  5279 | D:8      | Found a white marble altar of Elyvilon.
  5279 | D:8      | Found an opulent altar of Gozag.
  5279 | D:8      | Found a sparkling altar of Nemelex Xobeh.
  5279 | D:8      | Noticed Joseph
  5282 | D:8      | Found a bloodstained altar of Trog.
  5287 | D:8      | Killed Joseph
  5605 | D:8      | Reached skill level 13 in Unarmed Combat
  5980 | D:9      | Noticed a two-headed hydra
  5987 | D:9      | Killed a two-headed hydra
  6109 | D:9      | Noticed Erolcha
  6123 | D:9      | Noticed Psyche
  6142 | D:8      | Killed Psyche
  6282 | D:9      | Found Riah's Magic Scroll Shop.
  6297 | D:9      | Killed Erolcha
  6297 | D:9      | Reached skill level 14 in Unarmed Combat
  6511 | D:9      | Reached XP level 11. HP: 94/94 MP: 16/16
  6626 | D:9      | Found an iron altar of Okawaru.
  6689 | D:9      | Noticed neil's ghost (novice MiAE)
  6707 | D:9      | Killed neil's ghost
  6799 | D:9      | Lost mutation: Armour fits poorly on your strangely shaped body. [mutagenic meat]
  6800 | D:9      | Gained mutation: Your muscles are strong. (Str +2) [mutagenic meat]
  6801 | D:9      | Gained mutation: Your system is resistant to poisons. [mutagenic meat]
  6803 | D:9      | Lost mutation: You have a pair of small antennae on your head. [mutagenic meat]
  7180 | D:10     | Entered Level 10 of the Dungeon
  7193 | D:10     | Noticed a hill giant
  7204 | D:10     | Killed a hill giant
  7700 | D:10     | Found a staircase to the Lair.
  8073 | D:10     | Reached skill level 15 in Unarmed Combat
  8236 | Lair:1   | Entered Level 1 of the Lair of Beasts
  8804 | Lair:1   | Reached ****** piety under Qazlal
  9097 | Lair:1   | Reached skill level 5 in Fighting
  9129 | Lair:1   | Reached XP level 12. HP: 69/111 MP: 18/18
  9732 | Lair:2   | Noticed Harold
 10066 | Lair:2   | Reached skill level 10 in Invocations
 10252 | Lair:2   | Noticed a four-headed hydra
 10272 | Lair:2   | Killed a four-headed hydra
 10446 | Lair:2   | Killed Harold
 10638 | Lair:2   | Reached skill level 16 in Unarmed Combat
 10924 | Lair:2   | Reached XP level 13. HP: 113/127 MP: 20/20
 12166 | Lair:4   | Found a staircase to the Swamp.
 12588 | Lair:4   | Found a staircase to the Snake Pit.
 14173 | Lair:5   | Reached skill level 10 in Fighting
 15589 | Lair:6   | Reached XP level 14. HP: 116/144 MP: 21/21
 16076 | Lair:7   | Found a staircase to the Slime Pits.
 16513 | Lair:7   | Identified a scroll of acquirement
 16742 | Lair:8   | Entered Level 8 of the Lair of Beasts
 16847 | Lair:8   | Reached skill level 17 in Unarmed Combat
 17550 | Lair:8   | HP: 6/148 [spiny frog (9)]
 17552 | Lair:7   | Slain by a spiny frog

Skill      XL: |  1  2  3  4  5  6  7  8  9 10 11 12 13 14 |
---------------+-------------------------------------------+-----
Unarmed Combat | 5 7 8 9 10 12 14 15 16 17 | 17.1
Invocations    | 1 2 3 5 6 8 9 10 11 12 | 12.2
Fighting       | 5 8 10 11 | 11.6
Dodging        | |  2.4
Stealth        | |  1.1

Action                   |  1- 3 |  4- 6 |  7- 9 | 10-12 | 13-15 || total
-------------------------+-------+-------+-------+-------+-------++-------
Melee: Unarmed           |    66 |    87 |   259 |   544 |   627 ||  1583
       Punch             |     2 |       |    12 |    41 |    64 ||   119
Invok: Upheaval          |       |       |       |       |     7 ||     7
  Use: Scroll            |       |       |     1 |    21 |     3 ||    25
       Potion            |       |       |       |       |     2 ||     2
  Eat: Chunk             |    14 |     5 |    30 |    70 |    51 ||   170
       Meat ration       |       |       |     1 |       |       ||     1
       Fruit             |       |       |       |       |     2 ||     2
       Beef jerky        |       |       |       |       |     1 ||     1
Armor: Robe              |    32 |    31 |    58 |   101 |   116 ||   338
Dodge: Dodged            |    38 |    26 |    77 |   181 |   206 ||   528
       Deflected         |       |       |       |     5 |     3 ||     8
Block: Other             |       |     7 |    35 |   169 |   222 ||   433
